 Dungeon Crawl Stone Soup version 0.31-a0-1118-gbca3d03946 (webtiles) character file.

Game seed: 15555079427836200128

3288045 Nonseq the Intangible (level 27, 224/224 HPs)
             Began as a Merfolk Gladiator on Nov 21, 2023.
             Was a High Priest of Okawaru.
             Escaped with the Orb
             ... and 5 runes on Dec 4, 2023!
             The game lasted 02:31:01 (67852 turns).

Nonseq the Intangible (Merfolk Gladiator)          Turns: 67852, Time: 02:31:01

Health: 224/224    AC: 29    Str: 35    XL:     27
Magic:  29/29      EV: 35    Int:  9    God:    Okawaru [*****.]
Gold:   6031       SH: 34    Dex: 23    Spells: 36/44 levels left

rFire   + + +        c - +18 lance "Wyrmbane" {slay drac, rPois rF+ rC+ AC+3}
rCold   + . .        f - +8 tower shield {reflect}
rNeg    + + .        y - +6 troll leather armour of Aqaro {rF- Regen+ rCorr Str+6}
rPois   +            v - +2 helmet {SInv}
rElec   .            j - +2 cloak
rCorr   +            n - +3 pair of gauntlets of War {Slay+5}
SInv    +            K - +2 pair of boots
Will    ++++.        H - amulet "Mosa" {Fragile rF+++ Regen+ Slay+3}
Stlth   +            Y - ring "Inliupu" {Drain +Blink Will+ rCorr Str+4}
HPRegen 2.17/turn    s - ring of Vesiug {rN++ Dex+6}
MPRegen 0.21/turn

%: reflection
@: studying Shields
A: (nimble swimmer 2), mertail, iridescent scales 1, deformed body, fire
resistance 1, frail 1, low MP 2, strong-willed 1, screaming 1, evolution 1
0: Orb of Zot
}: 5/15 runes: decaying, serpentine, slimy, silver, abyssal
a: Renounce Religion, Evoke Blink, Heroism, Finesse, Duel


You escaped.
You worshipped Okawaru.
Okawaru was extremely pleased with you.
You visited 11 branches of the dungeon, and saw 54 of its levels.
You visited the Abyss 1 time.
You also visited: Trove, Bailey, Volcano and Desolation.

You collected 11049 gold pieces.
You spent 5018 gold pieces at shops.

Inventory:

Hand Weapons
 c - the +18 lance "Wyrmbane" (weapon) {slay drac, rPois rF+ rC+ AC+3}
   (You found it on level 5 of the Pits of Slime)

   AC+3:      It affects your AC (+3).
   rF+:       It protects you from fire.
   rC+:       It protects you from cold.
   rPois:     It protects you from poison
 k - a +9 demon trident of flaming
Missiles
 q - 50 boomerangs
 A - 17 javelins
 B - 8 throwing nets
 J - 47 silver javelins (quivered)
Armour
 f - a +8 tower shield of reflection (worn)
 j - a +2 cloak (worn)
 n - the +3 pair of gauntlets of War (worn) {Slay+5}
   (You found it in a treasure trove)

   Slay+5:    It affects your accuracy & damage with ranged weapons and melee
   (+5).
 v - a +2 helmet of see invisible (worn)
 x - the scarf of Bedevilment {harm, rElec MP+9 Str+4 Dex+3}
   (You found it in a treasure trove)

   Str+4:     It affects your strength (+4).
   Dex+3:     It affects your dexterity (+3).
   rElec:     It insulates you from electricity.
   MP+9:      It affects your magic capacity (+9).
 y - the +6 troll leather armour of Aqaro (worn) {rF- Regen+ rCorr Str+6}
   (You found it on level 5 of the Pits of Slime)

   Str+6:     It affects your strength (+6).
   rF-:       It makes you vulnerable to fire.
   Regen+:    It increases your rate of health regeneration.
   rCorr:     It protects you from acid and corrosion.
 K - a +2 pair of boots (worn)
 Z - the +4 dragonskin cloak
   (You took it off Tiamat on level 2 of the Realm of Zot)

   Avatar's Aegis: It grants the wearer a chance to resist fire, cold, poison,
   electricity, acid, and negative energy.
Jewellery
 s - the ring of Vesiug (right hand) {rN++ Dex+6}
   (You found it on level 5 of the Vaults)

   [ring of dexterity]

   Dex+6:     It affects your dexterity (+6).
   rN++:      It greatly protects you from negative energy.
 H - the amulet "Mosa" (around neck) {Fragile rF+++ Regen+ Slay+3}
   (You took it off a salamander on level 3 of the Snake Pit)

   [amulet of regeneration]

   Slay+3:    It affects your accuracy & damage with ranged weapons and melee
   (+3).
   rF+++:     It renders you almost immune to fire.
   Regen+:    It increases your rate of health regeneration.
   Fragile:   It will be destroyed if unequipped.
 V - the ring "Yfiocwo" {Drain rElec rPois rCorr}
   (You bought it in a shop on level 2 of the Orcish Mines)

   [ring of resist corrosion]

   rElec:     It insulates you from electricity.
   rPois:     It protects you from poison rCorr: It protects you from acid and
   corrosion.
   Drain:     It drains your maximum health when unequipped.
 X - the ring "Bymis" {rF+ rC++ rCorr Int+6 Stlth-}
   (You found it on level 13 of the Dungeon)

   [ring of intelligence]

   Int+6:     It affects your intelligence (+6).
   rF+:       It protects you from fire.
   rC++:      It greatly protects you from cold.
   rCorr:     It protects you from acid and corrosion.
   Stlth-:    It makes you less stealthy.
 Y - the ring "Inliupu" (left hand) {Drain +Blink Will+ rCorr Str+4}
   (You bought it in a shop on level 12 of the Dungeon)

   [ring of resist corrosion]

   Str+4:     It affects your strength (+4).
   Will+:     It increases your willpower.
   +Blink:    It lets you blink.
   rCorr:     It protects you from acid and corrosion.
   Drain:     It drains your maximum health when unequipped.
Wands
 h - a wand of roots (52)
 m - a wand of light (11)
 p - a wand of paralysis (106)
 u - a wand of mindburst (53)
 D - a wand of digging (30)
Scrolls
 a - 4 scrolls of torment
 d - 9 scrolls of vulnerability
 r - 2 scrolls of fear
 C - 5 scrolls of amnesia
 E - 7 scrolls of fog
 G - 5 scrolls of blinking
 I - 5 scrolls of immolation
 N - 10 scrolls of poison
 P - 4 scrolls of revelation
 Q - 12 scrolls of teleportation
 R - a scroll of enchant armour
 T - 2 scrolls of silence
Potions
 b - 6 potions of magic
 e - 16 potions of curing
 g - 8 potions of enlightenment
 i - 5 potions of heal wounds
 l - 3 potions of might
 o - 3 potions of haste
 t - 9 potions of brilliance
 w - 2 potions of resistance
 F - a potion of berserk rage
 L - a potion of mutation
 O - 5 potions of invisibility
 S - a potion of ambrosia
 W - 4 potions of cancellation
Miscellaneous
 z - a lightning rod (4/4)
 M - a phial of floods
 U - a condenser vane


   Skills:
 O Level 27 Fighting
 - Level 14.0 Polearms
 + Level 22.5 Throwing
 - Level 12.0 Armour
 O Level 27 Dodging
 + Level 24.2 Shields
 - Level 9.0 Spellcasting
 - Level 8.0 Hexes
 + Level 15.4 Transmutations
 + Level 18.6 Invocations
 - Level 10.0 Evocations


You had 36 spell levels left.
You knew the following spells:

 Your Spells              Type           Power      Damage    Failure   Level
a - Apportation           Tloc           8%         N/A       21%         1
d - Yara's Violent Unrav  Hex/Tmut       12%        3d7       4%          5
s - Wereblood             Tmut           31%        N/A       1%          2

Your spell library contained the following spells:

 Spells                   Type           Power      Damage    Failure   Level
 Slow                     Hex            72%        N/A       1%          1
 Sting                    Tmut/Pois      68%        1d6       1%          1
 Jinxbite                 Hex            36%        N/A       1%          2
 Confusing Touch          Hex            18%        N/A       2%          3
 Sigil of Binding         Hex            18%        N/A       2%          3
 Ignite Poison            Fire/Tmut/Pois 13%        N/A       8%          3
 Petrify                  Tmut/Erth      17%        N/A       9%          4
 Inner Flame              Hex/Fire       11%        N/A       12%         3
 Freeze                   Ice            16%        1d4       21%         1
 Magic Dart               Conj           16%        1d3       21%         1
 Necrotise                Necr           16%        1d4       21%         1
 Shock                    Conj/Air       16%        1d4       21%         1
 Alistair's Intoxication  Tmut/Pois      11%        N/A       24%         5
 Irradiate                Conj/Tmut      8%         3d14      24%         5
 Cigotuvi's Dreadful Rot  Necr/Pois/Air  8%         N/A       30%         2
 Lesser Beckoning         Tloc           8%         N/A       30%         2
 Momentum Strike          Conj/Tloc      8%         3d8       30%         2
 Scorch                   Fire           8%         2d5       30%         2
 Searing Ray              Conj           8%         2d4       30%         2
 Sublimation of Blood     Necr           4%         N/A       30%         2
 Anguish                  Hex/Necr       5%         N/A       36%         4
 Dimensional Bullseye     Hex/Tloc       5%         N/A       36%         4
 Fulminant Prism          Conj/Hex       5%         3d7       36%         4
 Leda's Liquefaction      Hex/Erth       5%         N/A       36%         4
 Frozen Ramparts          Ice            8%         1d2       52%         3
 Hailstorm                Conj/Ice       4%         3d5       52%         3
 Mephitic Cloud           Conj/Pois/Air  4%         N/A       52%         3
 Stone Arrow              Conj/Erth      8%         3d7       52%         3
 Swiftness                Air            4%         N/A       52%         3
 Vampiric Draining        Necr           4%         2d6       52%         3
 Metabolic Englaciation   Hex/Ice        5%         N/A       71%         5
 Eringya's Noxious Bog    Tmut/Pois      8%         4d6       78%         6
 Airstrike                Air            2%         2d(1-17)  89%         4
 Brom's Barrelling Bould  Conj/Erth      4%         2d3       89%         4
 Dispel Undead            Necr           4%         3d7       89%         4
 Flame Wave               Conj/Fire      4%         2d5       89%         4
 Iskenderun's Mystic Bla  Conj/Tloc      4%         2d3       89%         4
 Manifold Assault         Tloc           4%         N/A       89%         4
 Agony                    Necr           4%         N/A       99%         5
 Borgnjor's Vile Clutch   Necr/Erth      2%         N/A       99%         5
 Fireball                 Conj/Fire      2%         3d4       99%         5
 Freezing Cloud           Conj/Ice/Air   2%         6-21      99%         5
 Iskenderun's Battlesphe  Conj           4%         2d6       99%         5
 Lee's Rapid Deconstruct  Erth           2%         3d4*      99%         5
 Enfeeble                 Hex            9%         N/A       99%         7
 Bombard                  Conj/Erth      2%         9d1       100%        6
 Conjure Ball Lightning   Conj/Air       2%         3x3d6     100%        6
 Dispersal                Tloc           2%         N/A       100%        6
 Plasma Beam              Fire/Air       2%         2x1d12    100%        6
 Starburst                Conj/Fire      2%         6d3       100%        6
 Ozocubu's Refrigeration  Ice            2%         4d7       100%        7
 Borgnjor's Revivificati  Necr           2%         N/A       100%        8
 Discord                  Hex            9%         N/A       100%        8
 Disjunction              Tloc           2%         N/A       100%        8
 Lehudib's Crystal Spear  Conj/Erth      2%         10d2      100%        8
 Chain Lightning          Conj/Air       2%         3d2       100%        9
 Death's Door             Necr           2%         N/A       100%        9
 Fire Storm               Conj/Fire      2%         8d1       100%        9
 Polar Vortex             Ice            2%         N/A       100%        9
 Shatter                  Erth           2%         3d6*      100%        9
 Tukima's Dance           Hex            Unusable   N/A       N/A         3
 Call Imp                 Summ           Unusable   N/A       N/A         2
 Summon Mana Viper        Hex/Summ       Unusable   N/A       N/A         5
 Animate Armour           Summ/Erth      Unusable   N/A       N/A         4
 Animate Dead             Necr           Unusable   N/A       N/A         4
 Summon Lightning Spire   Summ/Air       Unusable   N/A       N/A         4
 Summon Forest            Summ/Tloc      Unusable   N/A       N/A         5
 Death Channel            Necr           Unusable   N/A       N/A         6
 Summon Cactus Giant      Summ           Unusable   N/A       N/A         6
 Summon Hydra             Summ           Unusable   N/A       N/A         7

Dungeon Overview and Level Annotations

Branches:
Dungeon (15/15)            Temple (0/1) D:7            Lair (5/5) D:9
  Swamp (4/4) Lair:3        Snake (4/4) Lair:2        Slime (5/5) Lair:5
    Orc (2/2) D:9             Elf (3/3) Orc:2        Vaults (5/5) D:13
  Crypt (2/3) Vaults:2     Depths (4/4) D:15            Zot (5/5) Depths:4
 Bailey (visited)         Volcano (visited)         Desolation (visited)

Altars:
Ashenzari
Gozag
Hepliaklqana
Makhleb
Nemelex Xobeh
Okawaru
Qazlal
Ru
Sif Muna
Trog
Uskayaw
Xom
Yredelemnul
Zin
Jiyva
Lugonu

Shops:
D:5 (((*   D:10 (   D:11 *   D:12 =   Orc:1 !   Orc:2 ([=*   Elf:1 (
Snake:1 =   Vaults:1 *   Vaults:2 (?(

Portals:
Hell: Depths:1 Depths:2 Depths:3 Depths:4
Abyss: Depths:1 Depths:2 Depths:3
Pandemonium: Depths:2
Ziggurat: Depths:3

Annotations:
Snake:2 3 runed translucent doors, Odausch's ghost, adept DsNe
Snake:4 2 exclusions


Innate Abilities, Weirdness & Mutations

((You are very nimble when in or above water. (Stealth+, EV+, Speed+++)))
Your lower body shifts to a powerful aquatic tail in water.
You are partially covered in iridescent scales. (AC +2)
Armour fits poorly on your strangely shaped body.
Your flesh is heat resistant. (rF+)
You are frail. (-10% HP)
Your magical capacity is very low. (-20% MP)
You are strong-willed. (Will+)
You occasionally shout uncontrollably at your foes.
You have hidden genetic potential.


Message History

No target in view!
No target in view!
No target in view!
No target in view!
No target in view!
No target in view!
No target in view!
No target in view!
No target in view!
No target in view!
No target in view!
No target in view!
No target in view!
HP restored.
A sixfirhy comes into view.
You reach to attack!
You impale the sixfirhy!!
The sixfirhy is severely wounded.
You reach to attack!
You closely miss the sixfirhy.
The sixfirhy is severely wounded.
You reach to attack!
You impale the sixfirhy!!
You kill the sixfirhy!
Okawaru accepts your kill.
No target in view!
No target in view!
No target in view!
No target in view!
No target in view!
No target in view!
No target in view!
No target in view!
No target in view!
No target in view!
No target in view!
Aiming: Dig
Press: ? - help, Shift-Dir - straight line You can't see that place. [the floor.]
The rock shatters into small pieces.
There is a staircase leading out of the dungeon here.
You have escaped!

#.# #.# #.###.###
#.####.# #..#....#
#......# ##....#.#
##################....#
.................#.#..#
################.#.####
.................#.#
################'#.#
................@..#
##################.##
............# #..#
###########.# #.[#
######(# #..###
#......### #....#
#........# #.##.#
#.....##.####.##.#
#.....##>........#


There were no monsters in sight!

Vanquished Creatures
  the Royal Jelly (Slime:5)
  Tiamat (Zot:2)
  Khufu (Crypt:1)
  A pandemonium lord (Zot:1)
  2 ancient liches (Vaults:5)
  2 dread liches
  10 orbs of fire (Zot:5)
  2 royal mummies (Vaults:2)
  Sojobo (Arena)
  Bai Suzhen (Depths:2)
  2 Killer Klowns (Zot:5)
  A shard shrike (Zot:4)
  A curse toe (Zot:5)
  11 golden dragons
  A profane servitor (Crypt:2)
  3 bone dragons
  A hellephant (D:1)
  2 doom hounds (Zot:2)
  3 electric golems
  A walking crystal tome (Depths:4)
  Grunn (Zot:2)
  Mlioglotl (Swamp:2)
  26 Orb Guardians
  26 tentacled monstrosities
  6 quicksilver dragons
  3 titans (Vaults:5)
  8 liches
  8 sphinxes
  3 deep elf blademasters
  3 deep elf master archers (Elf:3)
  9 ancient champions
  18 acid blobs
  5 tentacled starspawn
  7 tengu reavers
  8 death cobs
  21 storm dragons
  4 nagarajas
  8 draconian monks
  Kirke (D:15)
  6 shadow dragons
  6 azure jellies
  Roxanne (Arena)
  10 rockslimes
  2 thorn hunters (Swamp:4)
  6 draconian knights
  A fenstrider witch (Swamp:2)
  8 frost giants
  2 revenants (Crypt:1)
  2 imperial myrmidons (Desolation)
  2 ghost moths
  2 balrugs
  21 vault wardens
  3 deep elf elementalists (Elf:3)
  4 ghouls
  2 cacodemons
  5 fire giants
  11 deep elf sorcerers
  5 spriggan defenders
  8 draconian scorchers
  8 draconian shifters
  Louise (Elf:1)
  An orc warlord (Orc:2)
  The ghost of Zenatt the Brawler, a journeyman TrFi of Ashenzari (Lair:4)
  7 draconian stormcallers
  20 ironbound preservers
  A caustic shrike skeleton (Crypt:2)
  2 reapers (Zot:2)
  18 very ugly things
  10 quicksilver oozes
  3 war gargoyles
  6 formless jellyfish
  17 stone giants
  10 draconian annihilators
  7 eleionomae
  14 vampire knights
  A putrid mouth (Zot:2)
  4 deep elf demonologists
  15 red draconians
  16 black draconians
  7 ironbound thunderhulks
  A starflower (Abyss:4)
  19 dire elephants
  19 green draconians
  A lorocyproca (Depths:2)
  6 bunyips
  9 purple draconians
  15 yellow draconians
  2 halazid warlocks (Desolation)
  9 spark wasps
  9 deep elf annihilators
  10 white draconians
  2 pearl dragon zombies (Crypt:2)
  5 eidola
  17 ettins
  7 crystal guardians
  5 fire dragons
  11 deep elf death magi
  A green death (Abyss:4)
  14 great orbs of eyes
  9 jiangshi
  2 shambling mangroves
  12 yaktaur captains
  Harold (D:11)
  4 servants of whispers (Desolation)
  5 deep elf high priests
  A rakshasa (Abyss:2)
  An entropy weaver (Vaults:3)
  A fenstrider witch zombie (Crypt:1)
  16 peacekeepers
  2 spriggan zombies
  7 ragged hierophants (Desolation)
  7 salamander tyrants
  7 alligators
  A catoblepas (D:10)
  2 hell beasts
  5 ice dragons
  3 ghost crabs
  29 hydras
  4 spriggan air magi
  An ogre mage (Vaults:5)
  32 vault guards
  11 ironbound frosthearts
  11 death knights
  2 fenstrider witch skeletons (Crypt:1)
  15 anacondas
  5 boulder beetles
  7 tengu warriors
  35 dancing weapons
  30 naga warriors
  7 two-headed ogres
  11 death yaks
  7 hell hogs
  11 centaur warriors
  A bennu skeleton (Crypt:1)
  4 deep troll shamans
  7 vampire magi
  4 soul eaters
  5 deep troll earth magi
  An orc high priest (Orc:2)
  5 thrashing horrors
  6 spriggan berserkers
  3 shock serpents
  16 deep elf knights
  14 naga sharpshooters
  2 wretched stars (Abyss:4)
  5 occultists
  Sonja (D:13)
  4 sun demons
  7 shadow wraiths
  A skyshark (shapeshifter) (Vaults:3)
  2 skysharks
  Amaemon (D:8)
  13 hell knights
  A fire crab (shapeshifter) (Elf:1)
  10 salamander mystics
  29 skeletal warriors
  4 iron trolls
  6 sixfirhies
  6 goliath frogs
  58 deep trolls
  3 spark wasp zombies (Depths:2)
  A ghost moth zombie (Crypt:1)
  4 glowing orange brains
  12 swamp dragons
  9 large abominations
  8 bog bodies
  2 death drakes (shapeshifter) (Elf:3)
  16 deep elf archers
  A storm dragon skeleton (Crypt:2)
  19 flayed ghosts
  4 spriggan druids
  31 deep elf zephyrmancers
  A deep troll (shapeshifter) (Vaults:5)
  A bunyip skeleton (Crypt:2)
  18 phantasmal warriors
  32 deep elf pyromancers
  14 naga ritualists
  2 anaconda skeletons (Volcano)
  14 orc knights
  An obsidian statue (Zot:5)
  2 lindwurms
  A lindwurm (shapeshifter) (D:15)
  7 necromancers
  11 arcanists
  23 ironbound convokers
  2 tengu zombies
  12 mana vipers
  4 manticores
  2 will-o-the-wisps
  3 orc sorcerers
  A shadow dragon skeleton (Crypt:1)
  A mana viper (shapeshifter) (Vaults:3)
  31 salamanders
  4 cyclopes
  2 oklob plants
  49 ugly things
  7 shining eyes
  29 moths of wrath
  2 naga zombies (Crypt:1)
  Maurice (D:8)
  A draconian skeleton (Abyss:2)
  4 apis skeletons (Crypt:2)
  10 elephants (Lair:5)
  24 vault sentinels
  A stone giant skeleton (Crypt:2)
  41 black mambas
  29 starcursed masses
  2 dire elephant zombies
  6 gargoyles
  17 naga magi
  8 guardian serpents
  6 smoke demons
  A guardian serpent (shapeshifter) (Depths:3)
  2 orange demons
  Maggie (D:6)
  14 cane toads
  Jeremiah (D:8)
  A kobold demonologist (D:12)
  33 yaktaurs
  8 freezing wraiths
  5 rime drakes
  9 komodo dragons
  A tormentor (Zot:2)
  A yaktaur (shapeshifter) (D:15)
  An efreet (D:1)
  An ancient zyme (Abyss:2)
  6 tengu conjurers
  A guardian mummy (Crypt:1)
  An ice devil (Depths:2)
  2 bloated husks
  A hellwing (D:5)
  8 polar bears
  A tengu simulacrum (Vaults:4)
  22 hornets
  15 blink frogs
  5 harpy skeletons
  9 trolls
  4 tyrant leeches
  14 dream sheep
  49 saltlings (Desolation)
  Prince Ribbit (D:7)
  A hydra skeleton (Crypt:1)
  A deep troll zombie (Vaults:4)
  4 glass eyes
  97 slime creatures
  3 flying skulls (Volcano)
  A blink frog (shapeshifter) (D:15)
  An ettin zombie (Crypt:2)
  2 centaur simulacra
  2 air elementals (Elf:3)
  3 vampires
  12 wraiths
  A ynoxinul (Abyss:4)
  5 water elementals
  28 spriggans
  A hog (D:15)
  4 wyverns
  3 shadows (D:10)
  3 basilisks
  2 fire elementals
  14 vampire mosquitoes
  2 steam dragons
  58 yaks
  4 fire bats (Lair:5)
  7 golden eyes
  A redback (Vaults:3)
  2 humans (D:15)
  Menkaure (D:7)
  A harpy simulacrum (Crypt:1)
  69 nagas
  2 chaos spawn
  5 wargs
  13 swamp worms
  An acid dragon (D:10)
  A water moccasin (shapeshifter) (Depths:2)
  A small abomination (Abyss:2)
  19 water moccasins
  A hell hound (Abyss:2)
  Duvessa (D:7)
  4 swamp drakes (Swamp:4)
  34 orc warriors
  A merfolk simulacrum (Crypt:1)
  A sky beast (D:6)
  7 black bears
  3 ice beasts
  A snapping turtle zombie (Crypt:2)
  A dream sheep zombie (Crypt:2)
  3 boggarts (Lair:5)
  7 ogres
  35 wolves
  A blink frog skeleton (Crypt:2)
  4 centaurs
  An elephant skeleton (Crypt:1)
  The ghost of guilain the Grave Robber, an amateur HuNe (D:3)
  3 phantoms
  6 kobold brigands
  Blork the orc (D:4)
  3 human zombies
  A brain worm (Abyss:4)
  2 gnoll sergeants
  3 scorpions
  13 bullfrogs
  9 earth elementals
  2 necrophages (Swamp:4)
  4 human skeletons
  23 wights
  Dowan (D:7)
  A water moccasin skeleton (Crypt:1)
  11 killer bees
  A shapeshifter zombie (Crypt:1)
  A swamp dragon simulacrum (Crypt:1)
  A spriggan skeleton (Volcano)
  2 troll skeletons (Volcano)
  A wolf zombie (Crypt:2)
  7 electric eels
  7 howler monkeys
  5 crimson imps
  Crazy Yiuf (D:7)
  16 orc priests
  4 hounds
  2 jellies
  2 gnoll boudas (D:7)
  13 orc wizards
  3 iguanas (D:4)
  3 sleepcaps
  A boggart skeleton (Crypt:1)
  3 naga skeletons (Volcano)
  A tengu skeleton (Crypt:2)
  5 mummies
  22 gnolls
  5 adders
  A swamp drake skeleton (Crypt:2)
  3 ufetubi
  A lava snake skeleton (Crypt:1)
  A dart slug (D:1)
  54 orcs
  9 endoplasms
  3 giant cockroaches
  11 goblins
  5 hobgoblins
  7 jackals
  34 kobolds
  3 quokkas
  5 ball pythons
  9 bats
  7 frilled lizards (D:2)
  5 rats
  A river rat skeleton (Crypt:1)
  2 starspawn tentacles (Abyss:4)
2757 creatures vanquished.

Vanquished Creatures (others)
  A deep elf elementalist (Elf:3)
  A draconian knight (Zot:1)
  A hydra (Swamp:2)
  2 occultists (Abyss:4)
  3 deep elf knights
  A bog body (Swamp:1)
  A deep elf archer (Elf:1)
  A deep elf zephyrmancer (Elf:1)
  3 deep elf pyromancers
  A bloated husk (Swamp:1)
  A saltling (Desolation)
  A wraith (Crypt:2)
  A water elemental (Elf:3)
  A vampire mosquito (Swamp:1)
  A swamp worm (Swamp:1)
  A mummy (Crypt:1)
  An orc (Vaults:5)
  2 foxfires (Swamp:2)
  15 starspawn tentacles
39 creatures vanquished.

Grand Total: 2796 creatures vanquished

Notes
Turn   | Place    | Note
-------+----------+-------------------------------------------
     0 | D:1      | Nonseq the Merfolk Gladiator began the quest for the Orb.
     0 | D:1      | Reached XP level 1. HP: 16/16 MP: 1/1
   200 | D:1      | Reached XP level 2. HP: 23/23 MP: 2/2
   503 | D:1      | Reached XP level 3. HP: 10/28 MP: 3/3
  1189 | D:2      | Reached skill level 5 in Polearms
  1337 | D:2      | Reached XP level 4. HP: 28/34 MP: 4/4
  1438 | D:2      | Found a faded altar of an unknown god.
  1651 | D:3      | Found a shimmering altar of Xom.
  1715 | D:3      | Reached XP level 5. HP: 32/41 MP: 5/5
  1751 | D:3      | Reached skill level 1 in Armour
  1751 | D:3      | You fall into a shaft and drop 3 floors!
  1773 | D:6      | Noticed a black bear
  1780 | D:6      | Reached XP level 6. HP: 45/47 MP: 6/6
  1785 | D:6      | Killed a black bear
  1806 | D:6      | Noticed a troll
  1825 | D:6      | Killed a troll
  1826 | D:6      | Reached XP level 7. HP: 23/54 MP: 7/7
  1994 | D:5      | Entered Level 5 of the Dungeon
  1997 | D:5      | Found an iron altar of Okawaru.
  2005 | D:5      | Became a worshipper of Warmaster Okawaru
  2064 | D:5      | Found a broken altar of Ashenzari.
  2147 | D:5      | Reached * piety under Okawaru
  2161 | D:5      | Reached XP level 8. HP: 59/61 MP: 8/8
  2236 | D:4      | Reached skill level 5 in Fighting
  2285 | D:4      | Noticed Blork the orc
  2303 | D:4      | Killed Blork the orc
  2424 | D:3      | Found a glowing silver altar of Zin.
  2670 | D:3      | Found a sacrificial altar of Ru.
  2683 | D:3      | Reached skill level 5 in Throwing
  2810 | D:3      | Found a runed translucent door.
  2913 | D:3      | Noticed guilain's ghost (amateur HuNe)
  2928 | D:3      | Killed guilain's ghost
  2928 | D:3      | Reached ** piety under Okawaru
  3182 | D:4      | Found a hide-covered altar of Uskayaw.
  3242 | D:4      | Reached skill level 10 in Polearms
  3242 | D:4      | Reached XP level 9. HP: 67/69 MP: 9/9
  3270 | D:4      | Found a sparkling altar of Nemelex Xobeh.
  3697 | D:5      | Found Leqaj's Antique Weapon Shop.
  3702 | D:5      | Found Xoyvoss's Antique Weapon Shop.
  3702 | D:5      | Found Iciej's Antique Weapon Shop.
  3707 | D:5      | Bought a scorched trident for 195 gold pieces
  3707 | D:5      | Identified the +10 trident of the Dark Horse {flame, Str+6
                  | Dex-4} (You bought it in a shop on level 5 of the Dungeon)
  3711 | D:5      | Found Faga's General Store.
  4260 | D:6      | Noticed Maggie
  4269 | D:6      | Killed Maggie
  4269 | D:6      | Reached *** piety under Okawaru
  4687 | D:7      | Noticed Menkaure
  4698 | D:7      | Killed Menkaure
  4698 | D:7      | Reached **** piety under Okawaru
  4782 | D:7      | Found a staircase to the Ecumenical Temple.
  4801 | D:7      | Noticed Prince Ribbit
  4806 | D:7      | Killed Prince Ribbit
  4807 | D:7      | Reached XP level 10. HP: 79/79 MP: 10/10
  4911 | D:7      | Noticed Duvessa
  4911 | D:7      | Noticed Dowan
  4920 | D:7      | Killed Duvessa
  4926 | D:7      | Killed Dowan
  5041 | D:7      | Found a bloodstained altar of Trog.
  5206 | D:7      | Found a runed translucent door.
  5207 | D:7      | Noticed Crazy Yiuf
  5397 | D:7      | Killed Crazy Yiuf
  5611 | D:8      | Noticed Jeremiah
  5624 | D:8      | Killed Jeremiah
  5624 | D:8      | Reached ***** piety under Okawaru
  5646 | D:8      | Noticed Amaemon
  5651 | D:8      | Noticed an orange demon
  5660 | D:8      | Killed Amaemon
  5661 | D:8      | Reached skill level 5 in Armour
  5669 | D:8      | Killed an orange demon
  5770 | D:8      | Noticed Maurice
  5774 | D:8      | Paralysed by Maurice for 4 turns
  5776 | D:8      | Maurice stole a +0 glaive of flaming
  5778 | D:8      | Maurice stole an amulet of magic regeneration
  5780 | D:8      | Killed Maurice
  5948 | D:9      | Found a staircase to the Orcish Mines.
  5982 | D:9      | Reached XP level 11. HP: 87/87 MP: 11/11
  6034 | D:9      | Received a gift from Okawaru
  6094 | D:9      | Found a flagged portal.
  6126 | Bailey   | Entered a bailey
  6150 | Bailey   | Noticed an orc knight
  6170 | Bailey   | Killed an orc knight
  6184 | Bailey   | Noticed an orc knight
  6341 | Bailey   | Reached skill level 1 in Invocations
  6372 | Bailey   | Reached skill level 1 in Shields
  6401 | Bailey   | Killed an orc knight
  6806 | D:9      | Found a staircase to the Lair.
  7243 | Lair:1   | Entered Level 1 of the Lair of Beasts
  7261 | Lair:1   | Received a gift from Okawaru
  7286 | Lair:1   | Reached ****** piety under Okawaru
  7367 | Lair:1   | Acquired a +2 bardiche of venom
  7367 | Lair:1   | Received a gift from Okawaru
  7368 | Lair:1   | Acquired the +1 pair of gloves of Woim Pud {*Slow Will+
                  | Str+4}
  7368 | Lair:1   | Received a gift from Okawaru
  7492 | Lair:1   | Reached XP level 12. HP: 92/97 MP: 15/15
  8018 | Lair:2   | Noticed a six-headed hydra
  8028 | Lair:1   | Killed a six-headed hydra
  8029 | Lair:1   | Reached skill level 10 in Fighting
  8110 | Lair:2   | Reached skill level 5 in Invocations
  8252 | Lair:2   | Noticed a skyshark
  8267 | Lair:2   | Killed a skyshark
  8324 | Lair:2   | Reached skill level 5 in Shields
  8334 | Lair:2   | Found a staircase to the Snake Pit.
  8824 | Lair:3   | Noticed an eight-headed hydra
  8836 | Lair:3   | Killed an eight-headed hydra
  8836 | Lair:3   | Received a gift from Okawaru
  9362 | Lair:3   | Identified the +0 chain mail of Sorcery {Int+3 SInv}
  9392 | Lair:3   | Noticed an eight-headed hydra
  9399 | Lair:3   | Killed an eight-headed hydra
  9399 | Lair:3   | Received a gift from Okawaru
  9400 | Lair:3   | Reached skill level 10 in Throwing
  9407 | Lair:3   | Noticed a seven-headed hydra
  9413 | Lair:3   | Killed a seven-headed hydra
  9414 | Lair:3   | Reached XP level 13. HP: 100/106 MP: 17/17
  9591 | Lair:3   | Found a staircase to the Swamp.
  9664 | Lair:3   | Identified the +4 robe of the Buccaneer {Rampage rN+}
 10100 | Lair:3   | Identified the +10 longbow of Blood-Lust {heavy, rN+++
                  | Int-2 Dex+3 Stlth+}
 10307 | Lair:4   | Received a gift from Okawaru
 10533 | Lair:4   | Received a gift from Okawaru
 10615 | Lair:4   | Identified the +4 scimitar "Raovebb" {flame, rElec Int+2}
 10762 | Lair:4   | Identified the +8 mace "Lefy" {vamp, Drain Will+++ rCorr
                  | Str-4}
 10946 | Lair:4   | Received a gift from Okawaru
 11096 | Lair:4   | Found a runed translucent door.
 11096 | Lair:4   | Found a shimmering altar of Xom.
 11096 | Lair:4   | Noticed Zenatt's ghost (journeyman TrFi)
 11374 | Lair:5   | Entered Level 5 of the Lair of Beasts
 11396 | Lair:5   | Reached XP level 14. HP: 55/115 MP: 13/20
 11487 | Lair:5   | Found a dark tunnel.
 11509 | Volcano  | Entered a volcano
 11542 | Volcano  | Received a gift from Okawaru
 12466 | Lair:5   | Found a staircase to the Slime Pits.
 12466 | Lair:5   | Found a viscous altar of Jiyva.
 12554 | Lair:5   | Received a gift from Okawaru
 13019 | Lair:5   | Received a gift from Okawaru
 13326 | Lair:5   | Reached skill level 10 in Invocations
 13341 | Lair:5   | Received a gift from Okawaru
 13349 | Lair:5   | Reached XP level 15. HP: 85/123 MP: 22/22
 13781 | Orc:1    | Entered Level 1 of the Orcish Mines
 13982 | Orc:1    | Found Ebrus's Distillery.
 13989 | Orc:1    | Bought 2 potions of heal wounds for 180 gold pieces
 13989 | Orc:1    | Bought a potion of heal wounds for 90 gold pieces
 13989 | Orc:1    | Bought a potion of haste for 180 gold pieces
 13989 | Orc:1    | Bought a potion of heal wounds for 90 gold pieces
 13989 | Orc:1    | Bought a potion of resistance for 180 gold pieces
 14090 | Orc:2    | Entered Level 2 of the Orcish Mines
 14178 | Orc:2    | Found Pauroim's Antique Weapon Emporium.
 14180 | Orc:2    | Noticed an orc warlord
 14225 | Orc:2    | Killed an orc warlord
 14413 | Orc:2    | Found Xatuus's General Store.
 14447 | Orc:2    | Bought a manual of Throwing for 960 gold pieces
 14466 | Orc:2    | Found Ekeerghuuty's Jewellery Shop.
 14515 | Orc:2    | Received a gift from Okawaru
 14622 | Orc:2    | Found a staircase to the Elven Halls.
 14703 | Orc:2    | Found Teiroch's Antique Armour Emporium.
 14921 | Orc:2    | Bought the ring "Yfiocwo" {Drain rElec rPois rCorr} for 326
                  | gold pieces
 15257 | D:10     | Entered Level 10 of the Dungeon
 15269 | D:10     | Found an opulent altar of Gozag.
 15598 | D:10     | Found Osisan's Antique Weapon Emporium.
 15707 | D:10     | Received a gift from Okawaru
 15757 | D:10     | Reached skill level 10 in Shields
 16094 | D:10     | Identified the +4 quarterstaff of the Incandescent {flame,
                  | Contam *Rage Int+9}
 16420 | D:10     | Upgraded the game from 0.31-a0-1059-g83d41fd8b6 to
                  | 0.31-a0-1066-g35875b34c7
 16724 | D:11     | Found Doeles's Assorted Antiques.
 16729 | D:11     | Reached skill level 15 in Throwing
 16729 | D:11     | Reached XP level 16. HP: 133/133 MP: 24/24
 16998 | D:11     | Noticed Harold
 17007 | D:11     | Killed Harold
 17007 | D:11     | Received a gift from Okawaru
 17598 | D:12     | Found Koaniegha's Jewellery Shop.
 18004 | D:13     | Noticed Sonja
 18025 | D:13     | Killed Sonja
 18084 | D:13     | Reached skill level 10 in Armour
 18145 | D:13     | Reached XP level 17. HP: 131/132 MP: 25/25
 18180 | D:13     | Received a gift from Okawaru
 18223 | D:13     | Found a gate to the Vaults.
 18237 | D:13     | Identified the ring "Bymis" {rF+ rC++ rCorr Int+6 Stlth-}
 18565 | D:13     | Found a shimmering blue altar of Sif Muna.
 19015 | Snake:1  | Entered Level 1 of the Snake Pit
 19281 | Snake:1  | Reached skill level 5 in Dodging
 19411 | Snake:1  | Received a gift from Okawaru
 19750 | Snake:1  | Found Aleph's Jewellery Shop.
 19823 | Snake:1  | Identified the +0 robe of Jyuxtopuikh {Rampage rN+ MP-9
                  | Slay+3}
 20049 | Snake:1  | Received a gift from Okawaru
 20464 | Snake:2  | Reached skill level 15 in Fighting
 20482 | Snake:2  | Found a runed translucent gate.
 20779 | Snake:2  | Reached skill level 1 in Evocations
 20998 | Snake:2  | Found a runed translucent gate.
 20998 | Snake:2  | Found a runed translucent gate.
 20998 | Snake:2  | Noticed Odausch's ghost (adept DsNe)
 21255 | Snake:2  | Received a gift from Okawaru
 21899 | Snake:3  | Reached XP level 18. HP: 79/149 MP: 16/27
 22000 | Snake:3  | Identified the scarf of Spite {+Inv, Harm rC+ Str-5}
 22027 | Snake:3  | Received a gift from Okawaru
 22232 | Arena    | Entered the Arena
 23040 | Snake:3  | Received a gift from Okawaru
 23186 | Snake:3  | Identified the amulet "Mosa" {Fragile rF+++ Regen+ Slay+3}
 23605 | Swamp:1  | Entered Level 1 of the Swamp
 24116 | Swamp:1  | Reached skill level 10 in Dodging
 24140 | Swamp:1  | Reached skill level 5 in Evocations
 24249 | Swamp:1  | Received a gift from Okawaru
 24707 | Swamp:2  | Noticed a tentacled monstrosity
 24719 | Swamp:2  | Killed a tentacled monstrosity
 24748 | Swamp:2  | Identified the +1 robe "Xavadib" {Harm rF+ Will-}
 24818 | Swamp:2  | Noticed Mlioglotl
 24823 | Swamp:2  | Killed Mlioglotl
 25010 | Swamp:2  | Received a gift from Okawaru
 25456 | Swamp:3  | Found a burning altar of Makhleb.
 25636 | Swamp:3  | Reached XP level 19. HP: 110/159 MP: 29/29
 26070 | D:14     | Received a gift from Okawaru
 26100 | D:14     | Noticed Roxanne
 26112 | Arena    | Entered the Arena
 26136 | Arena    | Killed Roxanne
 26724 | D:15     | Entered Level 15 of the Dungeon
 26738 | D:15     | Noticed Kirke
 26749 | D:15     | Killed Kirke
 27015 | D:15     | Found a staircase to the Depths.
 27145 | D:15     | Received a gift from Okawaru
 28031 | Snake:4  | Entered Level 4 of the Snake Pit
 28032 | Snake:4  | Upgraded the game from 0.31-a0-1066-g35875b34c7 to
                  | 0.31-a0-1068-g5939ac1fb6
 28799 | Snake:4  | Received a gift from Okawaru
 29040 | Snake:4  | Reached skill level 15 in Invocations
 29684 | Snake:4  | Received a gift from Okawaru
 29721 | Snake:4  | Reached XP level 20. HP: 168/168 MP: 31/31
 29756 | Snake:4  | Got a serpentine rune of Zot
 29823 | Snake:4  | Learned a level 2 spell: Wereblood
 30174 | Swamp:4  | Entered Level 4 of the Swamp
 30212 | Swamp:4  | Reached skill level 1 in Transmutations
 30605 | Swamp:4  | Received a gift from Okawaru
 30912 | Swamp:4  | Got a decaying rune of Zot
 31485 | Elf:1    | Entered Level 1 of the Elven Halls
 31486 | Elf:1    | Found Wearenin's Antique Weapon Emporium.
 31496 | Elf:1    | Identified the +5 war axe "Heruhoox" {freeze, rN+ Int+3}
 31842 | Elf:1    | Noticed Louise
 31860 | Elf:1    | Killed Louise
 31923 | Elf:1    | Reached skill level 5 in Transmutations
 32028 | Elf:1    | Identified the +6 scale mail "Licoom" {rN+ Int+3}
 32307 | Elf:1    | Got the Teachings on Confrontation
 33179 | Elf:2    | Received a gift from Okawaru
 33189 | Elf:2    | Found a runed translucent gate.
 33189 | Elf:2    | Found a runed translucent gate.
 33189 | Elf:2    | Found a runed translucent gate.
 33555 | Vaults:1 | Entered Level 1 of the Vaults
 33631 | Vaults:1 | Reached XP level 21. HP: 103/177 MP: 23/32
 33655 | Vaults:1 | Reached skill level 10 in Evocations
 33770 | Vaults:1 | Reached skill level 15 in Dodging
 33825 | Vaults:1 | Found Quvvi's Assorted Antiques.
 33910 | Vaults:1 | Found a crumbling gateway.
 33915 | Desolati | Entered the Desolation of Salt
 34070 | Desolati | Received a gift from Okawaru
 34380 | Desolati | Identified the ring "Seeptade" {Will+ Dex+4 Slay-5}
 34661 | Desolati | Identified the +1 cloak of Untruth {rC+}
 34825 | Desolati | Got Canke's Directory of the Tundra
 34952 | Desolati | Identified the +7 sling of Deformation {freeze, rElec}
 35357 | Vaults:1 | Received a gift from Okawaru
 36543 | Vaults:1 | Received a gift from Okawaru
 36686 | Vaults:2 | Found Hagedar's Magic Scroll Boutique.
 36897 | Vaults:1 | Reached XP level 22. HP: 81/187 MP: 33/33
 37010 | Vaults:2 | Bought a scroll of enchant armour for 165 gold pieces
 37010 | Vaults:2 | Bought a scroll of enchant armour for 165 gold pieces
 37127 | Vaults:2 | Received a gift from Okawaru
 37496 | Vaults:2 | Found Niabatso's Antique Weapon Boutique.
 37609 | Vaults:2 | Learned a level 1 spell: Apportation
 37784 | Vaults:2 | Received a gift from Okawaru
 38273 | Vaults:2 | Found Zudef's Weapon Boutique.
 38493 | Vaults:2 | Found a staircase to the Crypt.
 39003 | Vaults:3 | Received a gift from Okawaru
 39528 | Vaults:3 | Found a portal to a secret trove of treasure.
 39923 | Vaults:3 | Reached XP level 23. HP: 124/198 MP: 34/34
 40352 | Vaults:4 | Received a gift from Okawaru
 40452 | Vaults:4 | Got the Directory of Battling
 40995 | Vaults:4 | Learned a level 5 spell: Yara's Violent Unravelling
 41057 | Vaults:4 | Identified the +3 falchion of Propriety {freeze, Fly rF+
                  | Int+4 Dex+3}
 41345 | Vaults:4 | Reached skill level 15 in Shields
 41345 | Vaults:4 | Reached skill level 1 in Hexes
 41996 | Depths:1 | Entered Level 1 of the Depths
 42585 | Orc:2    | Bought a scroll of enchant armour for 90 gold pieces
 42843 | Vaults:1 | Bought 3 scrolls of enchant armour for 607 gold pieces
 43018 | Vaults:3 | You paid a toll of +4 ice dragon scales to enter a treasure
                  | trove
 43019 | Trove    | Entered a treasure trove
 43023 | Trove    | Identified the +2 pair of gloves of Vubuluschaarph {rC+++
                  | Will+ Int-3}
 43027 | Trove    | Identified the +1 helmet "Hibrioje" {rC+}
 43031 | Trove    | Found the +3 pair of gauntlets of War {Slay+5}
 43033 | Trove    | Identified the +3 plate armour of the Bulwark {Harm rElec
                  | rC+++ Str-5}
 43042 | Trove    | Identified the +1 chain mail "Ifuef" {Harm rF- Will+}
 43043 | Trove    | Identified the +0 leather armour of Boiling Hail {Will-
                  | Dex+4}
 43044 | Trove    | Identified the +1 helmet of Ogidghol {Dex+4}
 43046 | Trove    | Identified the +1 robe of the Cooper {rElec rF+++ Str-3
                  | Dex-4}
 43049 | Trove    | Identified the +2 hat of Istiq {rN+ Will++ Str-3}
 43053 | Trove    | Identified the scarf of Bedevilment {harm, rElec MP+9 Str+4
                  | Dex+3}
 43353 | Depths:1 | Found a stormy altar of Qazlal.
 43394 | Depths:1 | Received a gift from Okawaru
 43593 | Depths:1 | Found a gateway to Hell.
 43858 | Depths:1 | Found a one-way gate to the infinite horrors of the Abyss.
 43860 | Depths:1 | Found a corrupted altar of Lugonu.
 44278 | Depths:2 | Noticed Sojobo
 44290 | Depths:2 | Paralysed by an air elemental for 1 turns
 44292 | Arena    | Entered the Arena
 44302 | Arena    | Paralysed by an air elemental for 1 turns
 44315 | Arena    | Killed Sojobo
 44353 | Depths:2 | Received a gift from Okawaru
 44362 | Depths:2 | Noticed Bai Suzhen
 44382 | Depths:2 | Killed Bai Suzhen
 44664 | Depths:2 | Found a one-way gate leading to the halls of Pandemonium.
 45117 | D:5      | Bought a scroll of brand weapon for 123 gold pieces
 45117 | D:5      | Bought a lightning rod (4/4) for 520 gold pieces
 45306 | Lair:4   | Killed Zenatt's ghost
 45359 | Slime:1  | Entered Level 1 of the Pits of Slime
 45376 | Slime:1  | Reached skill level 5 in Hexes
 45398 | Lair:5   | Received a gift from Okawaru
 45417 | Lair:5   | Reached XP level 24. HP: 93/208 MP: 34/34
 45618 | Slime:2  | Gained mutation: You are partially covered in iridescent
                  | scales. (AC +2) [a shining eye]
 45930 | Slime:3  | Gained mutation: You are frail. (-10% HP) [a shining eye]
 45932 | Slime:3  | Gained mutation: You occasionally lose the ability to drink
                  | potions when taking damage. [a shining eye]
 46060 | Slime:4  | Paralysed by a formless jellyfish for 1 turns
 46078 | Slime:4  | Paralysed by a formless jellyfish for 1 turns
 46392 | Slime:5  | Entered Level 5 of the Pits of Slime
 46611 | Slime:5  | Gained mutation: You sometimes lose the ability to drink
                  | potions when taking damage. [a shining eye]
 46652 | Slime:5  | Gained mutation: You are very frail. (-20% HP) [a shining
                  | eye]
 46655 | Slime:5  | Gained mutation: Your spells are a little easier to cast,
                  | but a little less powerful. [a shining eye]
 46656 | Slime:5  | Gained mutation: You sometimes lose your temper in combat.
                  | [a shining eye]
 46668 | Slime:5  | Upgraded the game from 0.31-a0-1068-g5939ac1fb6 to
                  | 0.31-a0-1082-g7d1fb776a8
 46717 | Slime:5  | Found the +8 lance "Wyrmbane" {slay drac, rPois rF+ rC+
                  | AC+3}
 46863 | Slime:4  | Received a gift from Okawaru
 46894 | Slime:4  | Lost mutation: You are partially covered in iridescent
                  | scales. (AC +2) [potion of mutation]
 46894 | Slime:4  | Lost mutation: You sometimes lose the ability to drink
                  | potions when taking damage. [potion of mutation]
 46894 | Slime:4  | Gained mutation: You are partially covered in iridescent
                  | scales. (AC +2) [potion of mutation]
 46895 | Slime:4  | Lost mutation: You sometimes lose your temper in combat.
                  | [potion of mutation]
 46895 | Slime:4  | Lost mutation: You are very frail. (-20% HP) [potion of
                  | mutation]
 46895 | Slime:4  | Gained mutation: Potions are less effective at restoring
                  | your health. [potion of mutation]
 46895 | Slime:4  | Gained mutation: You are mostly covered in iridescent
                  | scales. (AC +4) [potion of mutation]
 47111 | Slime:5  | Found a viscous altar of Jiyva.
 47149 | Slime:5  | Noticed the Royal Jelly
 47158 | Slime:5  | Killed the Royal Jelly
 47282 | Slime:5  | Identified the staff of Ash {rPois Conj}
 47294 | Slime:5  | Identified the +6 troll leather armour of Aqaro {rF- Regen+
                  | rCorr Str+6}
 47301 | Slime:5  | Got a slimy rune of Zot
 47458 | Slime:5  | Identified the +7 short sword "Qoadaob" {freeze, *Rage
                  | Will++ Int+2}
 47466 | Slime:5  | Identified the staff of Karma {rF+ Dex+7 Stlth- Fire}
 47467 | Slime:5  | Identified the staff "Waxt" {rN+ Str+3 Int+2 Conj}
 47628 | Slime:5  | Identified the +8 chain mail of Mufascha {rElec rC+ Dex-4}
 48129 | Depths:2 | Found a hazy altar of Hepliaklqana.
 48201 | Depths:2 | Found a shimmering blue altar of Sif Muna.
 48308 | Depths:2 | Lost mutation: Potions are less effective at restoring your
                  | health. [potion of mutation]
 48308 | Depths:2 | Lost mutation: You occasionally lose the ability to drink
                  | potions when taking damage. [potion of mutation]
 48308 | Depths:2 | Lost mutation: You are mostly covered in iridescent scales.
                  | (AC +4) [potion of mutation]
 48308 | Depths:2 | Gained mutation: Your magical capacity is low. (-10% MP)
                  | [potion of mutation]
 48308 | Depths:2 | Gained mutation: You expend magic power (3 MP) to
                  | strengthen your wands. [potion of mutation]
 48722 | Depths:2 | Noticed a dread lich
 48726 | Depths:2 | Paralysed by a dread lich for 5 turns
 48734 | Depths:2 | Killed a dread lich
 48785 | Depths:2 | Got the Quarto of Company and the Jinx
 48946 | Depths:3 | Found a one-way gateway to a ziggurat.
 49187 | Depths:3 | Received a gift from Okawaru
 49397 | Depths:3 | Paralysed by a vampire knight for 5 turns
 49406 | Depths:3 | Paralysed by a vampire knight for 5 turns
 50017 | Depths:4 | Entered Level 4 of the Depths
 50076 | Depths:3 | Received a gift from Okawaru
 50099 | Depths:3 | Reached XP level 25. HP: 195/195 MP: 31/31
 50399 | Depths:4 | Identified the +10 morningstar of the Shoals {freeze, SInv}
 50912 | Depths:4 | Received a gift from Okawaru
 51184 | D:11     | Bought a potion of heal wounds for 95 gold pieces
 51184 | D:11     | Bought a polished cloak for 180 gold pieces
 51184 | D:11     | Identified the +0 cloak of a treasure trove {Contam rElec
                  | rPois Stlth+} (You bought it in a shop on level 11 of the
                  | Dungeon)
 51184 | D:11     | Bought a potion of mutation for 152 gold pieces
 51652 | Depths:4 | Got the Papyrus of White Translocation
 51772 | Depths:4 | Found a gate to the Realm of Zot.
 52125 | Vaults:5 | Entered Level 5 of the Vaults
 52513 | Vaults:4 | Received a gift from Okawaru
 52523 | Vaults:4 | Reached skill level 1 in Spellcasting
 52567 | Vaults:5 | Noticed an ancient lich
 52581 | Vaults:5 | Noticed an ancient lich
 52601 | Vaults:5 | Paralysed by an ogre mage for 2 turns
 52612 | Vaults:5 | Killed an ancient lich
 52624 | Vaults:5 | Killed an ancient lich
 52652 | Vaults:5 | Identified the ring of Jealousy {rN+ Stlth+}
 52657 | Vaults:5 | Received a gift from Okawaru
 52778 | Vaults:5 | Reached XP level 26. HP: 82/206 MP: 30/31
 52817 | Vaults:5 | Received a gift from Okawaru
 52837 | Vaults:5 | Reached skill level 5 in Spellcasting
 53073 | Vaults:5 | Identified the +1 glaive "Demonslayer" {venom, *Rage rPois
                  | rF++}
 53120 | Vaults:5 | Got a silver rune of Zot
 53123 | Vaults:5 | Found the +7 mace of Variability {chaos, chaos arc}
 53124 | Vaults:5 | Identified the +1 shortbow "Weorphifu" {elec, rF+ rC+ rN+
                  | Int-2 Dex+3}
 53385 | Vaults:5 | Got the Monograph on Combative Curses
 53390 | Vaults:5 | Identified the staff of Springtime {Fly rPois rN+ Poison}
 53487 | Vaults:5 | Found the +10 morningstar "Eos" {elec, Halo rElec}
 53526 | Vaults:5 | Identified the ring of Vesiug {rN++ Dex+6}
 53603 | Vaults:5 | Identified the +4 quarterstaff of the Moth {flame, Drain
                  | rF- rN+++ Int+7}
 54789 | Elf:3    | Entered Level 3 of the Elven Halls
 54858 | Elf:3    | Received a gift from Okawaru
 55284 | Elf:3    | Paralysed by an air elemental for 1 turns
 55497 | D:12     | Bought the ring "Inliupu" {Drain +Blink Will+ rCorr Str+4}
                  | for 720 gold pieces
 56652 | Elf:3    | Identified the +0 plate armour "Hero's Friend" {rF+ Regen+
                  | SInv}
 56660 | Elf:3    | Received a gift from Okawaru
 56705 | Elf:3    | Identified the +5 great sword of the Living Dead {elec,
                  | rF+}
 56780 | Elf:3    | Identified the ring "Enaits" {rC+ MP+9 Int+3}
 56809 | Elf:3    | Identified the staff of Causality {rF++ Conj}
 56812 | Elf:3    | Identified the +6 trident "Myitig" {freeze, *Corrode rF+
                  | Int+5}
 56813 | Elf:3    | Identified the +9 arbalest of the Vestibule of Hell
                  | {antimagic, Dex+3}
 56816 | Elf:3    | Identified the amulet "Huhak" {Acrobat *Corrode rPois rF+}
 56817 | Elf:3    | Identified the +1 war axe of Efraash {flame, Str+2}
 56818 | Elf:3    | Identified the +0 arbalest of Oshoocre {penet, rC+}
 56827 | Elf:3    | Got the Quarto of Conduction and the Traveller
 56829 | Elf:3    | Got the Secrets of Geological Wicked Mysteries
 56833 | Elf:3    | Got the Papyrus of Topological Variation
 57036 | D:9      | Upgraded the game from 0.31-a0-1082-g7d1fb776a8 to
                  | 0.31-a0-1091-g283494c966
 57232 | Crypt:1  | Entered Level 1 of the Crypt
 57306 | Crypt:1  | Noticed Khufu
 57361 | Crypt:1  | Killed Khufu
 57362 | Crypt:1  | Noticed a royal mummy
 57365 | Crypt:1  | Reached XP level 27. HP: 119/203 MP: 26/31
 57370 | Crypt:1  | Noticed a royal mummy
 57506 | Vaults:2 | Killed a royal mummy
 57506 | Vaults:2 | Received a gift from Okawaru
 57609 | Vaults:2 | Killed a royal mummy
 58194 | Crypt:1  | Identified the +2 robe of the Wizarding Gods {*Corrode
                  | rPois Int+2 Stlth+}
 58644 | Crypt:2  | Received a gift from Okawaru
 58951 | Crypt:2  | Reached skill level 27 in Dodging
 59023 | Crypt:2  | Found a basalt altar of Yredelemnul.
 59066 | Crypt:2  | Got the Excursus on Abhorrent Liturgies and Kindling
 59392 | Crypt:2  | Received a gift from Okawaru
 59760 | Crypt:2  | Upgraded the game from 0.31-a0-1091-g283494c966 to
                  | 0.31-a0-1118-gbca3d03946
 60062 | Zot:1    | Entered Level 1 of the Realm of Zot
 60301 | Zot:1    | Received a gift from Okawaru
 61139 | Zot:2    | Received a gift from Okawaru
 61175 | Zot:2    | Identified the +1 pair of boots of the Weak God {*Slow
                  | Will+ Dex+6}
 61198 | Zot:2    | Noticed Grunn
 61230 | Zot:2    | You fall into a shaft and drop 1 floor!
 61494 | Zot:2    | You fall into a shaft and drop 2 floors!
 61657 | Zot:2    | Found the +4 dragonskin cloak
 61657 | Zot:2    | Noticed Tiamat
 61720 | Zot:2    | Killed Tiamat
 61880 | Zot:2    | Killed Grunn
 62049 | Zot:2    | Received a gift from Okawaru
 62085 | Zot:2    | Reached skill level 10 in Transmutations
 62150 | Zot:2    | Identified the +0 glaive "Zoneugg" {venom, Int+2 Dex+2
                  | Stlth+}
 62232 | Zot:2    | Identified the +0 robe of the Eye-covered God {Rampage rF+
                  | rCorr}
 62721 | Zot:3    | Received a gift from Okawaru
 62981 | Zot:3    | Identified the +10 great sword "Ofipudd" {spect, rF+ Will+}
 63819 | Zot:4    | Received a gift from Okawaru
 64855 | Zot:5    | Entered Level 5 of the Realm of Zot
 64947 | Zot:5    | Reached skill level 27 in Fighting
 65240 | Zot:5    | Noticed an orb of fire
 65242 | Zot:5    | Noticed an orb of fire
 65247 | Zot:5    | Gained mutation: You are dopey. (Int -2) [an orb of fire]
 65247 | Zot:5    | Gained mutation: You are weak. (Str -2) [an orb of fire]
 65249 | Zot:5    | Gained mutation: You sometimes lose your temper in combat.
                  | [an orb of fire]
 65252 | Zot:5    | Killed an orb of fire
 65253 | Zot:5    | Killed an orb of fire
 65253 | Zot:5    | Received a gift from Okawaru
 65256 | Zot:5    | Lost mutation: Your spells are a little easier to cast, but
                  | a little less powerful. [potion of mutation]
 65256 | Zot:5    | Lost mutation: You are frail. (-10% HP) [potion of
                  | mutation]
 65258 | Zot:5    | Lost mutation: You are weak. (Str -2) [potion of mutation]
 65258 | Zot:5    | Lost mutation: Your magical capacity is low. (-10% MP)
                  | [potion of mutation]
 65258 | Zot:5    | Gained mutation: You are frail. (-10% HP) [potion of
                  | mutation]
 65258 | Zot:5    | Gained mutation: Potions are less effective at restoring
                  | your health. [potion of mutation]
 65258 | Zot:5    | Gained mutation: Your magical capacity is low. (-10% MP)
                  | [potion of mutation]
 65258 | Zot:5    | Gained mutation: You are strong-willed. (Will+) [potion of
                  | mutation]
 65259 | Zot:5    | Lost mutation: Potions are less effective at restoring your
                  | health. [potion of mutation]
 65259 | Zot:5    | Lost mutation: You expend magic power (3 MP) to strengthen
                  | your wands. [potion of mutation]
 65259 | Zot:5    | Lost mutation: You sometimes lose your temper in combat.
                  | [potion of mutation]
 65259 | Zot:5    | Gained mutation: Your flesh is heat resistant. (rF+)
                  | [potion of mutation]
 65260 | Zot:5    | Noticed an orb of fire
 65260 | Zot:5    | Noticed an orb of fire
 65262 | Zot:5    | Noticed an orb of fire
 65263 | Zot:5    | Noticed an orb of fire
 65264 | Zot:5    | Killed an orb of fire
 65268 | Zot:5    | Killed an orb of fire
 65270 | Zot:5    | Killed an orb of fire
 65271 | Zot:5    | Killed an orb of fire
 65459 | Zot:5    | Received a gift from Okawaru
 65564 | Zot:5    | Noticed an orb of fire
 65569 | Zot:5    | Noticed an orb of fire
 65572 | Zot:5    | Gained mutation: Your magical capacity is very low. (-20%
                  | MP) [an orb of fire]
 65573 | Zot:5    | Noticed an orb of fire
 65573 | Zot:5    | Gained mutation: Your spells are a little easier to cast,
                  | but a little less powerful. [an orb of fire]
 65579 | Zot:5    | Noticed an orb of fire
 65580 | Zot:5    | Noticed an orb of fire
 65581 | Zot:5    | Gained mutation: You occasionally shout uncontrollably at
                  | your foes. [an orb of fire]
 65664 | Zot:5    | Gained mutation: You are weak. (Str -2) [an orb of fire]
 65670 | Zot:5    | Killed an orb of fire
 65684 | Zot:5    | Noticed a dread lich
 65690 | Zot:5    | Killed a dread lich
 65916 | Zot:5    | Gained mutation: Your spells are easier to cast, but less
                  | powerful. [an orb of fire]
 65922 | Zot:5    | Killed an orb of fire
 65930 | Zot:5    | Killed an orb of fire
 65933 | Zot:5    | Lost mutation: You are weak. (Str -2) [potion of mutation]
 65933 | Zot:5    | Lost mutation: You are dopey. (Int -2) [potion of mutation]
 65933 | Zot:5    | Lost mutation: Your spells are easier to cast, but less
                  | powerful. [potion of mutation]
 65933 | Zot:5    | Lost mutation: Your spells are a little easier to cast, but
                  | a little less powerful. [potion of mutation]
 65933 | Zot:5    | Gained mutation: You have hidden genetic potential. [potion
                  | of mutation]
 66121 | Zot:5    | Gained mutation: Armour fits poorly on your strangely
                  | shaped body. [an orb of fire]
 66123 | Zot:5    | Killed an orb of fire
 66123 | Zot:5    | Received a gift from Okawaru
 66341 | Depths:1 | Voluntarily entered the Abyss.
 66389 | Abyss:2  | Found a corrupted altar of Lugonu.
 66398 | Abyss:2  | Found a corrupted altar of Lugonu.
 66398 | Abyss:2  | Found a corrupted altar of Lugonu.
 66689 | Abyss:4  | Paralysed by accursed screaming for 1 turns
 66722 | Abyss:4  | Paralysed by accursed screaming for 1 turns
 66780 | Abyss:4  | Reached skill level 15 in Transmutations
 66783 | Abyss:4  | Got an abyssal rune of Zot
 66789 | Abyss:4  | Paralysed by accursed screaming for 2 turns
 66828 | Depths:1 | Escaped the Abyss
 67100 | Zot:5    | Got the Orb of Zot
 67215 | Zot:1    | Noticed Kicw the pandemonium lord
 67241 | Zot:1    | Killed Kicw the pandemonium lord
 67708 | D:2      | Received a gift from Okawaru
 67852 | D:$      | Escaped with the Orb!

Illustrated notes

Levels and vault maps discovered:
D:1:      wheals_arrival_linesprint, layout_basic
D:2:      layout_basic, nicolae_ecumenical_lake_church, minmay_lizard_pond
D:3:      layout_rooms, mainiacjoe_overflow_six_doors_small,
          nicolae_ru_great_annihilating_truth, led_xom_imps,
          ebering_ghost_reflecting_pool
D:4:      layout_rooms, pf_just_have_faith, marbit_many_paths,
          reono_crystal_passage, guppyfry_early_orc_mine, uniq_blork_the_orc
D:5:      layout_loops_cross, evilmike_ruin_ashenzari,
          nicolae_overflow_hidden_temple, serial_library,
          serial_library_hellmonk_small_alcove, serial_library_hellmonk_room_b,
          serial_library_hellmonk_double_dead_end,
          serial_library_hellmonk_hallway_b,
          serial_library_hellmonk_open_square,
          serial_library_hellmonk_open_cross,
          serial_library_hellmonk_open_square, serial_library_hellmonk_u_bend,
          minmay_shop_grid_forest
D:6:      layout_basic, minmay_gold_behind_fungi,
          serial_library_regret_index_small_wings, nicolae_tricolors,
          uniq_maggie
D:7:      layout_basic, mainiacjoe_overflow_24_doors,
          minmay_temple_entry_glassed_door, nicolae_benzene_ring,
          solitary_fountain, uniq_prince_ribbit1, uniq_menkaure, uniq_duvessa,
          uniq_crazy_yiuf_cottage
D:8:      layout_rooms, minmay_misc_feat_four_crosses, minmay_misc_feat_columns,
          uniq_amaemon, uniq_jeremiah, uniq_maurice
D:9:      layout_irregular_city, due_lair_maze_entry_diamond, orc_0_dummy,
          enter_bailey_5
D:10:     layout_roguey, nicolae_gozag_cash_rules_everything_around_me,
          serial_shops, shop, grunt_ministairs_15, nicolae_rejected_hall
D:11:     layout_cave_pods, serial_shops, shop_statue, uniq_harold
D:12:     layout_roguey, serial_shops, nicolae_shop_statue_plus,
          kennysheep_generic_room_16
D:13:     layout_loops_cross, hellmonk_vaults_attempted_burglary,
          chequers_serial_rivers_large_b, serial_library_hellmonk_statue_hall,
          uniq_sonja
D:14:     layout_basic, minivault_14, minivault_24, uniq_roxanne
D:15:     hangedman_depths_entry_try_elsewhere_first, layout_basic,
          hangedman_decor_points, grunt_ministairs_12,
          chequers_decorated_corner, uniq_kirke
Lair:1:   layout_misc_corridors, serial_bayou_shore_b
Lair:2:   layout_roguey, guppyfry_snake_entry_island,
          nicolae_quartered_pool_super, evilmike_ambush
          [evilmike_ambush_outer_basic, evilmike_ambush_inner_basic],
          infiniplex_staircase_pool_2
Lair:3:   layout_layer_cave, mainiacjoe_swamp_entry_angry_trees,
          minmay_lair_oklob_items, minmay_stone_trees_small
Lair:4:   cheibrodos_lair_river_kwai, layout_long_grid, ebering_ghost_xom
Lair:5:   minmay_lair_end_enchanted_forest, layout_gridlike, slime_entry_1,
          nicolae_volcano_entry_hallway, grunt_megastairs_5
Swamp:1:  layout_basic_swamp, nicolae_swamp_trees_clearing
Swamp:2:  cheibrodos_swamp_monstrosity, layout_basic_swamp, serial_swamp_ruin,
          evilmike_swamp_ruin_rubble_2, evilmike_swamp_ruin_house_1,
          evilmike_swamp_ruin_house_2, uniq_mlioglotl
Swamp:3:  layout_basic_swamp, basic_altar, nicolae_swamp_tree_isthmus
Swamp:4:  swamp_alternative, layout_basic_swamp, swamp_pool_1_2,
          infiniplex_staircase_pool
Snake:1:  layout_grid_maze, serial_shops, nicolae_shop_gaudy_bauble
Snake:2:  layout_grid_maze, gammafunk_ghost_necromancy
Snake:3:  cheibrodos_snake_lava_hold, layout_misc_corridors
Snake:4:  minmay_snake_end_coiled, layout_rooms
Slime:1:  layout_caves
Slime:2:  layout_caves
Slime:3:  layout_caves
Slime:4:  layout_caves
Slime:5:  slime_pit_nicolae_inversion
Orc:1:    layout_diamond_mine, serial_shops, nicolae_diamond_shop
Orc:2:    grunt_orc_gardens, layout_caves, grunt_orc_garden, grunt_orc_garden,
          grunt_orc_garden, grunt_orc_garden, nicolae_orc_lava_room
Elf:1:    layout_geoelf_diagonals, serial_shops, nicolae_shop_crystal,
          minmay_elf_annihilation, uniq_louise
Elf:2:    nicolae_elf_blades_splatter_lattice
          [nicolae_blade_entry_hurt_lockers], layout_geoelf_diagonals
Elf:3:    minmay_elf_hall_furrowed, layout_geoelf_castle, patterned_corridor,
          grunt_megastairs_3
Vaults:1: portal_desolation_entry_nicolae_forbidding_blocks,
          nicolae_vaults_tangram_2, nicolae_vaults_sightless_eye,
          nicolae_vaults_trapezoid_lopsided_3, hangedman_vaults_slither,
          nicolae_vaults_specimen_jars, vaults_room_corners, v_pattern_4,
          v_rooms_3, nicolae_vaults_closet_pinwheel_1, ontoclasm_vaults_gallery,
          layout_vaults_omnicross, serial_shops, nicolae_shop_tiny_waterfront
Vaults:2: nicolae_vaults_diffraction_hallways, nicolae_vaults_swerve,
          blue_anna_dwarven_crypt, nicolae_vaults_windows_and_doors_thing,
          v_pattern_5, nicolae_vaults_storage_closets_3, ontoclasm_vaults_pinch,
          dpeg_vaults_monster_row, nicolae_vaults_angled_halls,
          nicolae_vaults_shelves_hall, nicolae_vaults_alarming,
          nicolae_vaults_steering_wheel, grunt_vaults_hallway_short, v_misc_25,
          layout_vaults_maze_bifur, serial_shops, shop,
          nicolae_shop_bloodbath_and_beyond, shop
Vaults:3: nicolae_vaults_halls_meeting, nicolae_vaults_trapezoid_3,
          nicolae_vaults_sesquioval_fish, nicolae_vaults_door_testing_chamber,
          v_misc_2, v_misc_27, grunt_vaults_diagonal,
          nicolae_vaults_trapezoid_lopsided_2, grunt_vaults_bifocal, v_misc_26,
          nicolae_vaults_little_squares_3, nicolae_vaults_stepped_doors,
          nicolae_vaults_diamond_2, layout_vaults_ring, enter_trove_6
Vaults:4: nicolae_vaults_closet_pinwheel_2,
          nicolae_vaults_variable_pillar_hall_cross,
          nicolae_vaults_tetromino_L_2, nicolae_vaults_security_offices_5,
          v_misc_29, hangedman_vaults_capsules, v_misc_19,
          nicolae_vaults_surprise_closet, nicolae_vaults_apartment_2,
          layout_vaults_omnigrid, uniq_margery
Vaults:5
Crypt:1:  layout_rooms, special_room [special_room_morgue], minivault_23,
          grunt_crypt_arrival_guarded_gate, uniq_khufu
Crypt:2:  layout_gridlike, hex_tiny, hangedman_blasphemy, grunt_megastairs_2
Depths:1: layout_roguey, abyss_entry_flame_altar, hellmouth_3,
          nicolae_qazlal_scattered_showers
Depths:2: bobbens_index_wilting_gardens, layout_cave_pools,
          hangedman_abyss_entry_splay, hell_entry, lemuel_blue_sif_altar,
          pan_entry, nicolae_hepliaklqana_hippocampus, uniq_bai_suzhen,
          uniq_sojobo
Depths:3: evilmike_hourglass, layout_small_grid, enter_ziggurat_d,
          abyss_entry_small_statue_room, fountainhead, hell_entry,
          small_statue_intersection
Depths:4: evilmike_zot_entry_basic, layout_cave_pools, hell_entry
Zot:1:    layout_onion_interference, regret_index_zotdec_silver_v_v_orig_slice,
          hangedman_zot_decor_slant, grunt_ministairs_9
Zot:2:    kennysheep_ambush_hall, layout_basic, grunt_ministairs_1,
          st_large_dragon_hoard_4, uniq_grunn, uniq_tiamat
Zot:3:    layout_gridlike, hangedman_zot_decor_checkerboard,
          st_small_dragon_hoard_3
Zot:4:    layout_cathedral_of_symmetry, regret_index_zotdec_twisting_globes,
          regret_index_zotdec_barnacled_simple
Zot:5:    layout_misc_corridors

Skill      XL: |  1  2  3  4  5  6  7  8  9 10 11 12 13 14 15 16 17 18 19 20 21 22 23 24 25 26 27 |
---------------+----------------------------------------------------------------------------------+-----
Polearms       | 5 6 7 8 10 12 13 14 | 14.0
Fighting       | 3 4 5 7 8 9 11 12 13 14 15 16 17 18 19 20 21 22 23 24 27 | 27.0
Throwing       | 3 4 5 6 7 8 10 11 12 15 17 18 19 20 22 | 22.5
Armour         | 1 2 3 4 5 6 7 8 9 10 11 12 | 12.0
Invocations    | 4 6 8 10 11 13 14 15 18 | 18.6
Shields        | 3 6 7 9 10 11 13 14 15 16 18 19 24 | 24.2
Dodging        | 8 11 13 14 17 20 22 23 25 26 27 | 27.0
Evocations     | 3 6 8 9 10 | 10.0
Transmutations | 6 8 15 | 15.4
Hexes          | 5 8 |  8.0
Spellcasting   | 4 7 9 |  9.0

Action                     |  1- 3 |  4- 6 |  7- 9 | 10-12 | 13-15 | 16-18 | 19-21 | 22-24 | 25-27 || total
---------------------------+-------+-------+-------+-------+-------+-------+-------+-------+-------++-------
  Melee: Trident           |   127 |   137 |   374 |   554 |  1222 |  1156 |  2239 |  1260 |       ||  7069
         Tailslap          |     1 |       |       |     5 |     9 |    18 |    12 |       |       ||    45
         Punch             |       |     1 |     2 |     2 |       |       |       |       |       ||     5
         Demon trident     |       |       |       |       |       |       |       |   799 |    33 ||   832
         Lance             |       |       |       |       |       |       |       |   231 |  3297 ||  3528
  Throw: Throwing net      |     1 |     2 |       |       |       |     2 |     1 |       |       ||     6
         Javelin           |       |     1 |       |       |     2 |    11 |     5 |     6 |   130 ||   155
         Boomerang         |       |       |     9 |    90 |    30 |   292 |   149 |    94 |   108 ||   772
   Cast: Wereblood         |       |       |       |       |       |       |     4 |     3 |     6 ||    13
         Apportation       |       |       |       |       |       |       |       |     1 |     2 ||     3
         Yara's Violent Un |       |       |       |       |       |       |       |       |     1 ||     1
 Invoke: Receive Weapon    |       |       |       |     1 |       |       |       |       |       ||     1
         Receive Armour    |       |       |       |     1 |       |       |       |       |       ||     1
         Heroism           |       |       |       |       |     2 |     6 |     6 |     2 |    15 ||    31
         Finesse           |       |       |       |       |     2 |     2 |     5 |     2 |     7 ||    18
         Duel              |       |       |       |       |       |     1 |     1 |     1 |       ||     3
  Evoke: Wand              |       |       |       |       |       |     1 |    18 |     9 |     6 ||    34
         Condenser vane    |       |       |       |       |       |       |     1 |     1 |     3 ||     5
         Phial of floods   |       |       |       |       |       |       |       |     1 |     1 ||     2
    Use: Scroll            |     6 |       |    11 |     6 |     6 |     3 |    16 |    28 |    18 ||    94
         Potion            |       |     4 |       |     1 |     7 |     3 |    10 |    16 |    11 ||    52
   Stab: Sleeping          |     1 |       |     1 |     2 |     2 |       |       |       |     3 ||     9
         Held in net/web   |       |     1 |       |       |       |       |       |       |       ||     1
         Paralysed         |       |       |     1 |       |       |       |       |       |       ||     1
         Distracted        |       |       |       |       |       |     1 |       |     1 |     3 ||     5
         Fleeing           |       |       |       |       |       |       |     2 |       |       ||     2
         Invisible         |       |       |       |       |       |       |     1 |     1 |       ||     2
 Armour: Leather armour    |    17 |       |       |       |    37 |       |       |       |       ||    54
         Scale mail        |    24 |    86 |       |       |       |       |   464 |   704 |       ||  1278
         Troll leather arm |       |       |    98 |   160 |   315 |   621 |   434 |   151 |   713 ||  2492
         Skin              |       |       |       |       |     1 |       |       |    12 |       ||    13
  Dodge: Dodged            |    70 |   153 |   223 |   292 |   439 |   405 |   753 |   777 |   964 ||  4076
  Block: Kite shield       |       |       |       |   176 |   453 |   513 |   380 |       |       ||  1522
         Tower shield      |       |       |       |       |       |       |   740 |  2136 |  2866 ||  5742
         Reflection        |       |       |       |       |       |       |    48 |    78 |    81 ||   207

Table legend: (Time is in decaauts)
 A = Elapsed time spent in this place.
 B = Non-inter-level travel time spent in this place.
 C = Inter-level travel time spent in this place.
 D = Time resting spent in this place.
 E = Time spent auto-exploring this place.
 F = Levels seen in this place.
 G = Mean time per level.
                   A        B        C        D        E       F      G
               +--------+--------+--------+--------+--------+-----+--------+
         Total |  63342 |  54067 |   9275 |   4100 |  35245 |  65 |  974.5 |
       Dungeon |  14391 |  11105 |   3286 |    302 |   8182 |  15 |  959.4 |
          Lair |   6401 |   5426 |    975 |    312 |   3953 |   5 | 1280.2 |
         Swamp |   2553 |   2393 |    160 |    132 |   1574 |   4 |  638.2 |
     Snake Pit |   6256 |   5509 |    747 |    196 |   3773 |   4 | 1564.0 |
    Slime Pits |   2304 |   2055 |    249 |    282 |   1144 |   5 |  460.8 |
  Orcish Mines |   1937 |   1154 |    783 |      0 |    907 |   2 |  968.5 |
   Elven Halls |   3884 |   3577 |    307 |    396 |   2190 |   3 | 1294.7 |
        Vaults |   9527 |   8357 |   1170 |   1321 |   4993 |   5 | 1905.4 |
         Crypt |   1772 |   1689 |     83 |     20 |   1070 |   2 |  886.0 |
        Depths |   5519 |   4676 |    843 |    665 |   2565 |   4 | 1379.8 |
           Zot |   5849 |   5181 |    668 |    209 |   3629 |   5 | 1169.8 |
         Abyss |    387 |    387 |      0 |      0 |     60 |   4 |   96.8 |
         Trove |     47 |     47 |      0 |      0 |      0 |   1 |   47.0 |
        Bailey |    449 |    449 |      0 |     20 |    224 |   1 |  449.0 |
       Volcano |    855 |    855 |      0 |     62 |    600 |   1 |  855.0 |
    Desolation |   1139 |   1139 |      0 |    165 |    377 |   1 | 1139.0 |
         Arena |     65 |     65 |      0 |     17 |      0 |   3 |   21.7 |
               +--------+--------+--------+--------+--------+-----+--------+

Top non-repeatable levels by time:
Vaults:2: 2465 daAuts
Vaults:1: 2139 daAuts
Depths:3: 1924 daAuts
Vaults:4: 1858 daAuts
Depths:2: 1764 daAuts
  Lair:3: 1751 daAuts
Vaults:3: 1739 daAuts
 Snake:4: 1707 daAuts
   Elf:3: 1651 daAuts
 Snake:1: 1624 daAuts
 Snake:2: 1513 daAuts
    D:13: 1478 daAuts
  Lair:5: 1423 daAuts
 Snake:3: 1410 daAuts
   Orc:2: 1394 daAuts
